 Dungeon Crawl Stone Soup version 0.29.1-15-g9cfb28693d (webtiles) character file.

Game seed: 8602939856352557727

9282 Grunkalo the Spear-Bearer (level 11, -15/85 HPs)
             Began as a Minotaur Fighter on Apr 7, 2023.
             Was a Priest of Hepliaklqana.
             Demolished by a small abomination (16 damage)
             ... on level 9 of the Dungeon.
             The game lasted 02:06:05 (10156 turns).

Grunkalo the Spear-Bearer (Minotaur Fighter)       Turns: 10156, Time: 02:06:06

Health: -15/85     AC: 14    Str: 22 (23) XL:     11   Next: 21%
Magic:  10/10      EV: 21    Int: -3 (7)  God:    Hepliaklqana [***...]
Gold:   488        SH: 11    Dex: 14      Spells: 10/10 levels left

rFire   . . .      SeeInvis .   B - +1 spear (vorpal)
rCold   . . .      Faith    .   I - +1 kite shield
rNeg    . . .      Spirit   .   e - +0 plate armour
rPois   .          Reflect  .   (helmet unavailable)
rElec   .          Harm     .   w - +1 cloak
rCorr   .          Rampage  .   (no gloves)
Will    .....                   (no boots)
Stlth   ..........              y - amulet of the acrobat
HPRegen 0.24/turn               f - +6 ring of intelligence
MPRegen 0.12/turn               d - ring of flight

@: acrobatic, flying, slowed, lost intelligence, unable to read, unable to
drink, very slow
A: reduced essence, horns 3, retaliatory headbutt, iridescent scales 1, thin
skeletal structure 1, deformed body, deterioration 2, dopey 2, inability to
drink after injury 1
a: Renounce Religion, Recall Ancestor, Ancestor Identity, Transference


You were on level 9 of the Dungeon.
You worshipped Hepliaklqana.
Hepliaklqana was most pleased with you.
You visited 1 branch of the dungeon, and saw 9 of its levels.

You collected 514 gold pieces.
You spent 26 gold pieces at shops.

Inventory:

Hand Weapons
 b - a +0 long sword of flaming
 i - a +1 whip of pain
 t - a +4 mace
 B - a +1 vorpal spear (weapon)
 C - a +5 halberd
 D - a +2 rapier of draining
 G - a +0 spear of venom
 H - a +0 hand axe of flaming
 K - a +2 whip of freezing
 L - a +3 spear
 Q - a +6 flail
 R - a +4 longbow of freezing
Missiles
 c - 8 boomerangs (quivered)
 E - 2 throwing nets
 F - 3 javelins
Armour
 e - a +0 plate armour (worn)
 g - +0 swamp dragon scales
 k - +0 acid dragon scales
 w - a +1 cloak (worn)
 I - a +1 kite shield (worn)
Magical Staves
 N - a staff of conjuration
Jewellery
 d - a ring of flight (right hand)
 f - a +6 ring of intelligence (left hand)
 j - an amulet of magic regeneration
 y - an amulet of the acrobat (around neck)
 P - a +6 ring of intelligence
Wands
 a - a wand of paralysis (5)
 A - a wand of polymorph (20)
 J - a wand of quicksilver (8)
Scrolls
 m - 2 scrolls of fear
 o - a scroll of identify
 q - 2 scrolls of poison {unknown}
 r - a scroll of amnesia
 s - 8 scrolls of teleportation
 u - a scroll of fog
 z - a scroll of blinking
 M - a scroll of acquirement
Potions
 h - 3 potions of lignification {unknown}
 l - a potion of resistance {unknown}
 n - 3 potions of curing
 p - a potion of degeneration
 v - 2 potions of cancellation {unknown}
 x - a potion of invisibility
 O - 2 potions of brilliance {unknown}


   Skills:
 + Level 8.3 Fighting
 + Level 1.8(7.3) Axes
 + Level 11.2 Polearms
 + Level 3.9 Ranged Weapons
 + Level 6.8 Throwing
 + Level 10.9 Armour
 + Level 2.2 Dodging
 + Level 3.0 Stealth
 + Level 7.4 Shields
 + Level 0.2 Unarmed Combat


You had 10 spell levels left.
You didn't know any spells.
Your spell library contained the following spells:

 Spells                   Type           Power      Damage    Failure   Level
 Summon Small Mammal      Summ           0%         N/A       100%        1
 Ensorcelled Hibernation  Hex/Ice        0%         N/A       100%        2
 Passwall                 Tmut/Erth      0%         N/A       100%        2
 Static Discharge         Conj/Air       0%         3-3/arc   100%        2
 Call Canine Familiar     Summ           0%         N/A       100%        3
 Summon Guardian Golem    Hex/Summ       0%         N/A       100%        3
 Swiftness                Air            0%         N/A       100%        3
 Hailstorm                Conj/Ice       0%         3d3       100%        4
 Ice Form                 Ice/Tmut       0%         N/A       100%        4
 Lightning Bolt           Conj/Air       0%         1d11      100%        5
 Simulacrum               Ice/Necr       0%         N/A       100%        6
 Maxwell's Capacitive Co  Air            0%         ∞         100%        8


Dungeon Overview and Level Annotations

Branches:
Dungeon (9/15)             Temple (0/1) D:6            Lair (0/5) D:8
    Orc: D:9-12

Altars:
Cheibriados
Hepliaklqana
Kikubaaqudgha
Uskayaw
Xom

Shops:
D:1 ??


Innate Abilities, Weirdness & Mutations

Your life essence is reduced to manifest your ancestor. (-10% HP)
You have a pair of large horns on your head.
You reflexively headbutt those who attack you in melee.
You are partially covered in iridescent scales. (AC +2)
You have a somewhat thin skeletal structure. (Dex +2, Stealth+)
Armour fits poorly on your strangely shaped body.
Your body often deteriorates upon taking damage.
You are very dopey. (Int -4)
You occasionally lose the ability to drink potions when taking damage.


Message History

The large abomination attacks as you move away!
The large abomination closely misses you.
Bernie casts a spell at the large abomination.
The puff of frost hits the large abomination.
The large abomination barely misses Bernie.
Bernie hits the large abomination with a +0 quarterstaff!
The large abomination is destroyed!
The small abomination misses Bernie.
Bernie casts a spell at the large abomination.
The puff of frost misses the small abomination.
The puff of frost hits the large abomination.
Bernie hits the large abomination with a +0 quarterstaff.
The large abomination hits Bernie!!!
Bernie is destroyed!
You can drink potions again.
You block the small abomination's attack.
There is an open door here.
The small abomination closely misses you.
You furiously retaliate!
You headbutt the small abomination.
You see here a +0 leather armour.
You hit the small abomination but do no damage.
The small abomination is lightly damaged.
The small abomination hits you but does no damage.
You hit the small abomination but do no damage.
The small abomination is lightly damaged.
The small abomination hits you!
You feel threatened and lose the ability to drink potions!
* * * LOW HITPOINT WARNING * * *
Your body deteriorates!
You feel dopey. The small abomination hits you!
* * * LOW HITPOINT WARNING * * *
Your body deteriorates!
You feel weakened.
You cannot drink potions in your current state!
You cannot read scrolls in your current state!
You can drink potions again.
The small abomination completely misses you.
You furiously retaliate!
You headbutt the small abomination! The small abomination hits you!
You feel threatened and lose the ability to drink potions!
You die...

###.....###..##
##......#.....#
##............####
###........##....# ######
##........###....# #....#
..........##....####.)..#
.#..............##[xX...#
............####.xX#....# ##
#...........####@###.X..# .$#
.##..#...#..##....##....#...#
.....#..##.........#....xx..#
.....#.............#....#...#
.###...#...........##########
##....###....##...##.....#
.....###......#...#.#...##
.....#..............#R..#
#.......................#


You could see 2 large abominations and 2 small abominations.

Vanquished Creatures
  Pikel (D:6)
  Grinder (D:4)
  Eustachio (D:5)
  A yak (D:9)
  Menkaure (D:5)
  2 neqoxecs (D:9)
  An acid dragon (D:9)
  2 orc warriors
  2 black bears
  2 ogres
  A centaur (D:5)
  A lemure (D:6)
  A kobold brigand (D:9)
  A bullfrog (D:9)
  A necrophage (D:5)
  A gnoll sergeant (D:5)
  A scorpion (D:4)
  A small abomination (D:9)
  2 wights (D:7)
  5 killer bees
  2 quasits (D:9)
  A gnoll bouda (D:5)
  3 hounds
  A jelly (D:5)
  Crazy Yiuf (D:4)
  Natasha (twice) (D:4)
  2 iguanas
  6 orc wizards
  14 gnolls
  12 adders
  An ufetubus (D:3)
  2 worms
  5 dart slugs
  18 orcs
  5 ball pythons
  7 endoplasms
  A giant cockroach (D:1)
  12 goblins
  4 hobgoblins
  13 jackals
  17 kobolds
  6 quokkas
  3 bats
  4 frilled lizards
  5 rats
176 creatures vanquished.

Vanquished Creatures (collateral kills)
  The ghost of Gelion the Geomancer, a novice DEEE of Vehumet (D:9)
  A wizard (D:9)
  The ghost of Andrakon the Trooper, a novice MiFi of Trog (D:5)
  A deep elf pyromancer (D:8)
  A large abomination (D:9)
  Maggie (D:8)
  A steam dragon (D:6)
  A neqoxec (D:9)
  3 yaks (D:9)
  4 water moccasins
  A small abomination (D:9)
  An orc warrior (D:8)
  A black bear (D:7)
  3 centaurs
  A lemure (D:6)
  A phantom (D:7)
  2 kobold brigands (D:9)
  3 bullfrogs
  2 necrophages
  9 wights
  2 killer bees (D:9)
  2 jellies (D:6)
  A quasit (D:9)
  2 hounds
  2 gnoll boudas
  An orc priest (D:7)
  Natasha (D:4)
  An iguana (D:7)
  2 orc wizards
  7 gnolls
  A shadow imp (D:7)
  2 white imps
  An ufetubus (D:6)
  14 orcs
  2 goblins (D:4)
  A jackal (D:4)
  7 kobolds (D:9)
88 creatures vanquished.

Vanquished Creatures (others)
  Sigmund (D:4)
  2 battlemagi (D:9)
  4 ancestors
7 creatures vanquished.

Grand Total: 271 creatures vanquished

Notes
Turn   | Place    | Note
-------+----------+-------------------------------------------
     0 | D:1      | Grunkalo the Minotaur Fighter began the quest for the Orb.
     0 | D:1      | Reached XP level 1. HP: 19/19 MP: 0/0
   160 | D:1      | Reached XP level 2. HP: 27/27 MP: 1/1
   302 | D:1      | Found Sani's Magic Scroll Shoppe.
   392 | D:1      | Found Rianukli's Magic Scroll Shoppe.
   521 | D:1      | Found a faded altar of an unknown god.
   530 | D:1      | Prayed at the altar of an unknown god.
   530 | D:1      | Became a worshipper of Xom of Many Doors
   689 | D:1      | Reached XP level 3. HP: 31/33 MP: 2/2
  1046 | D:1      | Bought a scroll of identify for 26 gold pieces
  1114 | D:2      | Found a hazy altar of Hepliaklqana.
  1305 | D:2      | Reached skill level 3 in Polearms
  1396 | D:2      | XOM: divination: magic mapping
  1512 | D:2      | Reached XP level 4. HP: 38/40 MP: 3/3
  1572 | D:2      | XOM: silly message
  1823 | D:2      | XOM is BORED!
  1823 | D:2      | XOM: silly message
  2059 | D:2      | XOM: cloud trail
  2282 | D:2      | XOM: divination: detect creatures
  2335 | D:2      | Fell from the grace of Xom
  2335 | D:2      | Became a worshipper of Hepliaklqana the Forgotten
  2470 | D:3      | Found an ancient bone altar of Kikubaaqudgha.
  2491 | D:3      | HP: 1/41 [gnoll/+0 halberd (8)]
  2567 | D:3      | Reached XP level 5. HP: 42/47 MP: 4/4
  2656 | D:3      | XOM: give mutations
  2656 | D:3      | Gained mutation: You are frail. (-10% HP) [Xom's mischief]
  2656 | D:3      | Gained mutation: Your body sometimes deteriorates upon
                  | taking damage. [Xom's mischief]
  2656 | D:3      | Gained mutation: You are dopey. (Int -2) [Xom's mischief]
  2656 | D:3      | Gained mutation: You are clumsy. (Dex -2) [Xom's mischief]
  2694 | D:3      | Reached skill level 4 in Polearms
  2704 | D:3      | XOM: summons 4 hostile shadow creatures
  2762 | D:3      | XOM: torment (20/42 hp)
  2881 | D:3      | XOM: 4-stop teleportation journey
  3569 | D:4      | Noticed Sigmund
  3586 | D:4      | Killed Sigmund
  3587 | D:4      | Reached skill level 5 in Fighting
  3587 | D:4      | Reached skill level 1 in Ranged Weapons
  3587 | D:4      | Reached skill level 5 in Armour
  3587 | D:4      | Reached XP level 6. HP: 29/50 MP: 5/5
  3587 | D:4      | Noticed an orc warrior
  3591 | D:4      | XOM: confusion (+ monsters)
  3599 | D:4      | Noticed Grinder
  3628 | D:4      | Reached skill level 1 in Throwing
  3630 | D:4      | Paralysed by Grinder for 2 turns
  3634 | D:4      | Killed Grinder
  3635 | D:4      | Reached skill level 5 in Polearms
  3635 | D:4      | Reached XP level 7. HP: 14/54 MP: 6/6
  3641 | D:4      | Reached skill level 6 in Polearms
  3911 | D:4      | Reached * piety under Hepliaklqana
  4140 | D:4      | XOM: give mutation
  4140 | D:4      | Gained mutation: You are weak. (Str -2) [Xom's mischief]
  4168 | D:4      | Reached skill level 1 in Dodging
  4466 | D:4      | Found a runed translucent door.
  4466 | D:4      | Noticed Natasha
  4474 | D:4      | Killed Natasha
  4479 | D:4      | Noticed Crazy Yiuf
  4495 | D:4      | Killed Crazy Yiuf
  4496 | D:4      | Reached skill level 1 in Stealth
  4618 | D:4      | XOM: give mutations
  4618 | D:4      | Lost mutation: You are frail. (-10% HP) [Xom's mischief]
  4618 | D:4      | Gained mutation: You are partially covered in iridescent
                  | scales. (AC +2) [Xom's mischief]
  4618 | D:4      | Gained mutation: Your body often deteriorates upon taking
                  | damage. [Xom's mischief]
  4618 | D:4      | Lost mutation: You are weak. (Str -2) [Xom's mischief]
  4743 | D:4      | XOM: give mutations
  4743 | D:4      | Gained mutation: You are very dopey. (Int -4) [Xom's
                  | mischief]
  4743 | D:4      | Gained mutation: You occasionally lose the ability to drink
                  | potions when taking damage. [Xom's mischief]
  4743 | D:4      | Gained mutation: You occasionally lose the ability to read
                  | scrolls when taking damage. [Xom's mischief]
  4939 | D:4      | Noticed Natasha
  4944 | D:4      | Killed Natasha
  4973 | D:4      | Noticed Natasha
  4979 | D:4      | Killed Natasha
  5014 | D:4      | XOM: give mutations
  5014 | D:4      | Gained mutation: You have sharp toenails. [Xom's grace]
  5014 | D:4      | Gained mutation: You have a somewhat thin skeletal
                  | structure. (Dex +2, Stealth+) [Xom's grace]
  5014 | D:4      | Gained mutation: Your spells are a little harder to cast,
                  | but a little more powerful. [Xom's grace]
  5014 | D:4      | Gained mutation: A frigid envelope surrounds you and
                  | freezes all who hurt you. [Xom's grace]
  5065 | D:5      | Entered Level 5 of the Dungeon
  5111 | D:5      | Reached XP level 8. HP: 61/62 MP: 7/7
  5121 | D:5      | Reached skill level 7 in Polearms
  5135 | D:5      | Noticed Menkaure
  5144 | D:5      | Killed Menkaure
  5375 | D:5      | Found a runed translucent door.
  5389 | D:5      | Noticed Andrakon's ghost (novice MiFi)
  5444 | D:5      | Killed Andrakon's ghost
  5445 | D:5      | Reached skill level 8 in Polearms
  5667 | D:5      | Reached XP level 9. HP: 70/70 MP: 8/8
  5677 | D:5      | XOM: give mutations
  5677 | D:5      | Gained mutation: You expend magic power (3 MP) to
                  | strengthen your wands. [Xom's grace]
  5677 | D:5      | Gained mutation: You passively map a small area around you.
                  | [Xom's grace]
  5677 | D:5      | Gained mutation: You have a pair of large horns on your
                  | head. [Xom's grace]
  5677 | D:5      | Gained mutation: Your flesh is cold resistant. (rC+) [Xom's
                  | grace]
  5689 | D:5      | Noticed Eustachio
  5691 | D:5      | Found the +3 woodcutter's axe {vorpal}
  5706 | D:5      | Killed Eustachio
  5707 | D:5      | Reached skill level 9 in Polearms
  5880 | D:5      | XOM: noise
  6081 | D:5      | Reached ** piety under Hepliaklqana
  6082 | D:5      | Remembered your ancestor Bernie as a battlemage
  6237 | D:6      | Noticed Pikel
  6255 | D:6      | Killed Pikel
  6256 | D:6      | Reached skill level 5 in Shields
  6663 | D:6      | Reached skill level 10 in Polearms
  6742 | D:6      | XOM: give mutations
  6742 | D:6      | Lost mutation: You are clumsy. (Dex -2) [Xom's mischief]
  6742 | D:6      | Lost mutation: You have sharp toenails. [Xom's mischief]
  6742 | D:6      | Lost mutation: A frigid envelope surrounds you and freezes
                  | all who hurt you. [Xom's mischief]
  6742 | D:6      | Lost mutation: You expend magic power (3 MP) to strengthen
                  | your wands. [Xom's mischief]
  6757 | D:6      | XOM: stat loss: -2 Int (4/7)
  6827 | D:6      | Found a staircase to the Ecumenical Temple.
  6947 | D:6      | Found a hide-covered altar of Uskayaw.
  7378 | D:7      | Identified the -2 helmet of Creativity {Rampage Str+6
                  | Int+4}
  7462 | D:7      | Reached XP level 10. HP: 79/79 MP: 9/9
  7660 | D:7      | Identified a scroll of acquirement
  7703 | D:7      | Found a snail-covered altar of Cheibriados.
  7751 | D:7      | XOM: noise
  8090 | D:8      | Reached skill level 5 in Throwing
  8215 | D:8      | Found a staircase to the Lair.
  8391 | D:8      | Noticed Maggie
  8397 | D:8      | Killed Maggie
  8592 | D:8      | Noticed a deep elf pyromancer
  8614 | D:8      | Killed a deep elf pyromancer
  8696 | D:8      | XOM: god gift: 19 gold pieces
  8717 | D:8      | XOM: give mutations
  8717 | D:8      | Lost mutation: You passively map a small area around you.
                  | [Xom's mischief]
  8717 | D:8      | Lost mutation: Your flesh is cold resistant. (rC+) [Xom's
                  | mischief]
  8717 | D:8      | Gained mutation: Armour fits poorly on your strangely
                  | shaped body. [Xom's mischief]
  9497 | D:9      | Found a transporter.
  9502 | D:9      | XOM: noise
  9522 | D:9      | Reached skill level 1 in Axes
  9522 | D:9      | Reached skill level 10 in Armour
  9529 | D:9      | Noticed Gelion's ghost (novice DEEE)
  9538 | D:9      | Reached *** piety under Hepliaklqana
  9544 | D:9      | Reached skill level 11 in Polearms
  9579 | D:9      | Found a transporter.
  9777 | D:9      | Gained mutation: You are occasionally teleported next to
                  | monsters. [a neqoxec]
  9792 | D:9      | Gained mutation: You have hidden genetic defects. [a
                  | neqoxec]
  9868 | D:9      | Reached XP level 11. HP: 84/84 MP: 10/10
  9869 | D:9      | Lost mutation: You have hidden genetic defects. [a neqoxec]
  9872 | D:9      | Lost intelligence.
  9873 | D:9      | Killed Gelion's ghost
  9927 | D:9      | XOM: give mutations
  9927 | D:9      | Lost mutation: You occasionally lose the ability to read
                  | scrolls when taking damage. [Xom's mischief]
  9927 | D:9      | Lost mutation: You are occasionally teleported next to
                  | monsters. [Xom's mischief]
  9927 | D:9      | Lost mutation: Your spells are a little harder to cast, but
                  | a little more powerful. [Xom's mischief]
 10121 | D:9      | Noticed a wizard
 10129 | D:9      | Killed a wizard
 10139 | D:9      | Noticed a large abomination
 10139 | D:9      | Noticed a large abomination
 10139 | D:9      | Noticed a large abomination
 10139 | D:9      | Noticed a large abomination
 10154 | D:9      | HP: 1/85 [small abomination (10)]
 10156 | D:9      | Demolished by a small abomination

Illustrated notes

Levels and vault maps discovered:
D:1:      minmay_arrival_nine_rooms, layout_basic, serial_shops,
          nicolae_shop_hallway_stairs, shop, hellmonk_ecumenical_altar_run_dry
D:2:      layout_loops_corners, minmay_hexomino_r4
D:3:      layout_loops_ring, mainiacjoe_overflow_tiny_flanked
D:4:      layout_loops_ring, kennysheep_donut, uniq_crazy_yiuf_cottage,
          uniq_sigmund, uniq_natasha, uniq_grinder
D:5:      layout_basic, ebering_ghost_sewer_d, pf_guarded_unrand_woodcutter,
          uniq_menkaure, uniq_eustachio
D:6:      layout_loops_ring, kennysheep_mini_moat, minmay_temple_entry_wispy,
          uniq_pikel
D:7:      layout_rooms, slow_altar_1, kennysheep_dice
D:8:      layout_basic, lair_entry_dummy, uniq_maggie
D:9:      layout_cave_pools, gammafunk_ghost_stat_death, laboratory

Skill      XL: |  1  2  3  4  5  6  7  8  9 10 |
---------------+-------------------------------+-----
Armour         | 4 5 6 7 8 10 | 10.9
Fighting       | 4 5 6 7 8 |  8.3
Shields        | 4 5 7 |  7.4
Polearms       | 3 4 5 6 8 10 11 | 11.2
Ranged Weapons | 1 3 |  3.9
Throwing       | 1 2 4 6 |  6.8
Dodging        | 1 2 |  2.2
Stealth        | 1 2 3 |  3.0
Axes           | 1 |  1.8
Unarmed Combat | |  0.2

Action                   |  1- 3 |  4- 6 |  7- 9 | 10-12 || total
-------------------------+-------+-------+-------+-------++-------
Melee: Trident           |    92 |   143 |   127 |       ||   362
       Headbutt          |     7 |    13 |    19 |    20 ||    59
       Kick              |       |       |    17 |       ||    17
       Spear             |       |       |    44 |   120 ||   164
       Unarmed           |       |       |     6 |       ||     6
       Hand axe          |       |       |       |    17 ||    17
       Whip              |       |       |       |     7 ||     7
 Fire: Sling             |       |    12 |     4 |       ||    16
Throw: Stone             |       |    22 |    37 |    16 ||    75
       Javelin           |       |       |    16 |       ||    16
       Throwing net      |       |       |     2 |       ||     2
       Boomerang         |       |       |       |    35 ||    35
Invok: Ancestor Identity |       |       |     1 |       ||     1
       Ancestor Life: Ba |       |       |     1 |       ||     1
  Use: Scroll            |     5 |     2 |     6 |     3 ||    16
       Potion            |     1 |     6 |     3 |     1 ||    11
 Stab: Distracted        |       |       |     2 |     1 ||     3
       Sleeping          |       |       |     1 |       ||     1
Armor: Scale mail        |    34 |    58 |    30 |     1 ||   123
       Plate armour      |       |       |       |    52 ||    52
Dodge: Dodged            |    33 |    63 |    56 |    48 ||   200
Block: Buckler           |    15 |    28 |    22 |       ||    65
       Kite shield       |       |       |       |    70 ||    70
